 Dungeon Crawl Stone Soup version 0.30-b1-2-g02819fbbbe (webtiles) character file.

Game seed: 1214715993667613867

59565 MajorAdolf the Covert (level 14, -1/202 HPs)
             Began as a Naga Wanderer on Sept 16, 2023.
             Was an Initiate of Gozag.
             Slain by a five-headed hydra (2 damage)
             ... on level 3 of the Lair of Beasts.
             The game lasted 00:50:43 (28768 turns).

MajorAdolf the Covert (Naga Wanderer)              Turns: 28768, Time: 00:50:43

Health: -1/202     AC: 12    Str: 18    XL:     14   Next: 95%
Magic:  0/23       EV: 15    Int: 10    God:    Gozag
Gold:   3450       SH:  8    Dex: 20    Spells: 13/13 levels left

rFire   + + .        T - +3 short sword (elec)
rCold   + . .        R - +1 buckler {reflect}
rNeg    . . .        L - +1 robe {rF+}
rPois   +            p - +1 helmet
rElec   .            (no cloak)
rCorr   +            Q - +3 pair of gloves of Peorhuen {-Tele Fly rPois rCorr}
SInv    +            (no barding)
Will    +....        l - amulet of guardian spirit Stlth
                     d - ring of protection from fire
HPRegen 0.53/turn    C - ring "Repnioro" {rPois rC+ MP+9 Str+3 Dex+2}
MPRegen 0.18/turn

%: no teleportation, reflection, guardian spirit
@: mighty, berserking (expiring), gold aura, flying, quick
A: AC +4, large, see invisible, deformed body, poison resistance, slowness 2,
spit poison 1, naga tail 2, camouflage 1
a: Spit Poison, Renounce Religion, Potion Petition, Call Merchant, Bribe Branch


You were on level 3 of the Lair of Beasts.
You worshipped Gozag.
Gozag was most pleased with you.
You visited 4 branches of the dungeon, and saw 21 of its levels.
You also visited: Volcano.

You collected 5302 gold pieces.
You spent 1320 gold pieces at shops.
You paid 532 gold pieces to Gozag.

Inventory:

Hand Weapons
 b - the +4 mace of Focus {holy, +Blink rN+}
   (You found it on level 15 of the Dungeon)

   rN:        It protects you from negative energy.
   +Blink:    It lets you blink.
 H - the +11 falchion "Ucam" {venom, Str+4}
   (You found it on level 7 of the Dungeon)

   Str:       It affects your strength (+4).
 T - a +3 short sword of electrocution (weapon)
Armour
 f - a +2 robe of cold resistance
 p - a +1 helmet (worn)
 L - a +1 robe of fire resistance (worn)
 Q - the +3 pair of gloves of Peorhuen (worn) {-Tele Fly rPois rCorr}
   (You bought it in a shop on level 15 of the Dungeon)

   rPois:     It protects you from poison.
   Fly:       It grants you flight.
   -Tele:     It prevents most forms of teleportation.
   rCorr:     It protects you from acid and corrosion.
 R - a +1 buckler of reflection (worn)
Jewellery
 d - a ring of protection from fire (left hand)
 l - an amulet of guardian spirit (around neck)
 t - a ring of protection from fire
 v - a ring of protection from cold
 w - the amulet "Oboill" {Regen+ Str+2}
   (You bought it in a shop on level 3 of the Dungeon)

   [amulet of regeneration]

   Str:       It affects your strength (+2).
   Regen:     It increases your rate of health regeneration.
 x - a +5 ring of evasion
 y - a ring of ice
 C - the ring "Repnioro" (right hand) {rPois rC+ MP+9 Str+3 Dex+2}
   (You found it on level 11 of the Dungeon)

   [ring of magical power]

   Str:       It affects your strength (+3).
   Dex:       It affects your dexterity (+2).
   rC:        It protects you from cold.
   rPois:     It protects you from poison.
   MP:        It affects your magic capacity (+9).
 O - a +4 ring of protection
Wands
 c - a wand of digging (4)
 r - a wand of flame (15)
 A - a wand of quicksilver (15)
 B - a wand of iceblast (17)
 G - a wand of mindburst (12)
 K - a wand of charming (6)
Scrolls
 g - a scroll of poison
 k - 6 scrolls of magic mapping
 m - 6 scrolls of teleportation
 n - 3 scrolls of fog
 z - 3 scrolls of vulnerability
 E - a scroll of identify
 J - 2 scrolls of fear
 N - 2 scrolls of enchant armour
Potions
 a - 3 potions of brilliance
 e - a potion of might
 h - 4 potions of mutation
 i - 7 potions of heal wounds
 j - 5 potions of lignification
 o - 5 potions of haste
 q - 3 potions of magic
 s - 5 potions of curing
 u - 6 potions of ambrosia
 F - a potion of invisibility
 I - a potion of resistance
 P - a potion of flight {unknown}
 S - 2 potions of cancellation
Miscellaneous
 D - a piece from Xom's chessboard (15/15)


   Skills:
 + Level 11.3 Fighting
 - Level 9.8(10.0) Short Blades
 - Level 2.0(6.5) Long Blades
 - Level 4.1 Maces & Flails
 - Level 4.5 Throwing
 + Level 9.4 Dodging
 - Level 14.0 Stealth
 + Level 10.5 Shields
 + Level 10.9 Evocations


You had 13 spell levels left.
You didn't know any spells.
Your spell library contained the following spells:

 Spells                   Type           Power      Damage    Failure   Level
 Freeze                   Ice            0%         1d3       41%         1
 Magic Dart               Conj           0%         1d3       41%         1
 Sandblast                Erth           0%         2d4       41%         1
 Sting                    Tmut/Pois      0%         1d3       41%         1
 Summon Small Mammal      Summ           0%         N/A       41%         1
 Passwall                 Tmut/Erth      0%         N/A       54%         2
 Poisonous Vapours        Pois/Air       0%         N/A       54%         2
 Sublimation of Blood     Necr           0%         N/A       54%         2
 Call Canine Familiar     Summ           0%         N/A       78%         3
 Dazzling Flash           Conj/Hex       0%         N/A       78%         3
 Frozen Ramparts          Ice            0%         1d1       78%         3
 Hailstorm                Conj/Ice       0%         3d3       78%         3
 Ozocubu's Armour         Ice            0%         N/A       78%         3
 Portal Projectile        Hex/Tloc       0%         N/A       78%         3
 Stone Arrow              Conj/Erth      0%         3d7       78%         3
 Summon Guardian Golem    Hex/Summ       0%         N/A       78%         3
 Vhi's Electric Charge    Tloc/Air       0%         N/A       78%         3
 Volatile Blastmotes      Fire/Tloc      0%         2d10      78%         3
 Iskenderun's Mystic Bla  Conj/Tloc      0%         2d3       99%         4
 Leda's Liquefaction      Hex/Erth       0%         N/A       99%         4
 Olgreb's Toxic Radiance  Pois           0%         N/A       99%         4
 Passage of Golubria      Tloc           0%         N/A       99%         4
 Petrify                  Tmut/Erth      0%         N/A       99%         4
 Arcjolt                  Conj/Air       0%         1d10      100%        5
 Irradiate                Conj/Tmut      0%         3d11      100%        5
 Silence                  Hex/Air        0%         N/A       100%        5
 Starburst                Conj/Fire      0%         6d3       100%        6
 Ozocubu's Refrigeration  Ice            0%         4d7       100%        7
 Discord                  Hex            0%         N/A       100%        8
 Ignition                 Fire           0%         3d3       100%        8
 Lehudib's Crystal Spear  Conj/Erth      0%         10d2      100%        8
 Maxwell's Capacitive Co  Air            0%         ∞         100%        8


Dungeon Overview and Level Annotations

Branches:
Dungeon (15/15)            Temple (1/1) D:4            Lair (3/5) D:11
 Shoals (0/4) Lair:3        Snake (0/4) Lair:2          Orc (2/2) D:11
    Elf (0/3) Orc:2        Vaults (0/5) D:14         Depths (0/4) D:15
Volcano (visited)

Altars:
Ashenzari
Cheibriados
Dithmenos
Elyvilon
Fedhas
Gozag
Hepliaklqana
Kikubaaqudgha
Makhleb
Nemelex Xobeh
Okawaru
Qazlal
Ru
Sif Muna
Trog
Uskayaw
Vehumet
Wu Jian
Xom
Yredelemnul
Zin
The Shining One
Jiyva

Shops:
D:3 !***   D:4 =   D:15 [   Orc:2 *

Annotations:
D:4 exclusion: blizzard demon
D:11 Jorgrun


Innate Abilities, Weirdness & Mutations

Your serpentine skin is tough. (AC +4)
You have supernaturally acute eyesight. (SInv)
Armour fits poorly on your strangely shaped body.
Your system is resistant to poisons. (rPois)
You cover ground very slowly.
You can spit poison.
You can use your snake-like lower body to constrict enemies.
Your skin changes colour to match your surroundings (Stealth+).


Message History

You hit the cane toad.
The cane toad is almost dead.
You constrict the cane toad, but do no damage.
The cane toad misses you.
Unknown command.
You puncture the cane toad!
You kill the cane toad!
The water moccasin is distracted by your dazzling golden aura.
You are too berserk!
The five-headed hydra bites you but does no damage.
The five-headed hydra misses you.
The five-headed hydra closely misses you.
The five-headed hydra bites you.
* * * LOW HITPOINT WARNING * * *
You block the five-headed hydra's attack.
The water moccasin hisses angrily.
You see here 26 gold pieces.
You feel a strong urge to attack something.
You completely miss the bullfrog.
The bullfrog is no longer distracted by gold.
You grab the bullfrog. You constrict the bullfrog.
The bullfrog hits you but does no damage.
Unknown command.
You puncture the bullfrog!
The bullfrog is severely wounded.
You constrict the bullfrog.
Unknown command.
You puncture the bullfrog!
You kill the bullfrog!
Unknown command.
You puncture the five-headed hydra!
The five-headed hydra is lightly wounded.
You block the five-headed hydra's attack.
The five-headed hydra bites you.
* * * LOW HITPOINT WARNING * * *
The five-headed hydra bites you.
* * * LOW HITPOINT WARNING * * *
The five-headed hydra bites you.
You die...
Your body crumbles into a pile of gold.

..P#.$.##....#......###,,,*,,,**
............###.....# *,,**,,,,*
..#...##...## #.....# *,,***,,**
...#...###### *,,,,,* **,***,,*
##.....####≈##*,,,,,****,,*,,,*
*#PP....##§§≈##,,,,,*,,,,*,,,,*
........D§§≈≈≈###**,,,,,,,,,,,*
.........§§§§.$$####**,,,,,,,,**
........§§§≈≈≈##@#.##*,,,,,,,,,*
?.......##§§≈####D$.#*,,,,,,,,**
.........##§##,*##S##*,,,,,,,,*
.........,###,,,*### *,,,,,*,,*
##....###** *,**,*** *,*****,,**
*#....,**,******,,,* *,*****,,,*
,*#..,****,,***,,,,* *,,,,,*,,,*
,,*,,,***,,,,,*,,,,***,,,,,,,,**
***,,,,,,,,,,+,+,,,**,,,,**,,,,*


You could see a five-headed hydra and a water moccasin.

Vanquished Creatures
  Kirke (D:13)
  A red draconian (Volcano)
  5 hydras
  Erica (D:11)
  Fannar (Lair:1)
  2 catoblepae
  5 boulder beetles
  The ghost of Termiter the Reanimator, a journeyman DsNe of Nemelex Xobeh (D:9)
  6 centaur warriors
  4 two-headed ogres
  Nergalle (D:11)
  2 skysharks (Lair:2)
  A skeletal warrior (D:12)
  A salamander mystic (Volcano)
  2 orc knights
  3 deep elf pyromancers
  5 cyclopes
  6 ugly things (D:14)
  6 salamanders
  A cyclops (shapeshifter) (D:15)
  7 manticores
  5 slime creatures
  A black mamba (Lair:2)
  Joseph (D:9)
  6 unseen horrors
  2 cane toads
  Psyche (D:9)
  A gargoyle (D:13)
  A rime drake (Lair:3)
  2 tengu conjurers (D:12)
  5 komodo dragons
  5 yaktaurs
  8 trolls
  5 kobold demonologists
  A queen bee (D:11)
  3 meliai (D:11)
  7 blink frogs
  A shadow (D:11)
  32 yaks
  A wyvern (D:7)
  8 wraiths
  A vampire (D:12)
  2 steam dragons (D:8)
  2 basilisks
  2 vampire mosquitoes (D:11)
  A warg (Orc:2)
  Edmund (D:5)
  3 nagas (Lair:2)
  5 water moccasins
  7 acid dragons
  An ice beast (D:5)
  2 sky beasts
  4 black bears
  8 orc warriors
  2 ogres
  5 wolves (Lair:2)
  4 boggarts (D:14)
  12 centaurs
  3 phantoms
  9 kobold brigands
  A gnoll sergeant (D:6)
  10 bullfrogs
  A hornet simulacrum (D:12)
  21 killer bees
  8 jellies
  2 howler monkeys (D:9)
  16 orc priests
  3 hounds (D:4)
  A sleepcap (D:8)
  24 orc wizards
  4 gnolls (D:7)
  5 adders
  2 shadow imps
  4 white imps
  3 ufetubi
  A worm (D:5)
  4 dart slugs
  68 orcs
  8 ball pythons
  11 endoplasms
  4 giant cockroaches
  12 goblins
  4 hobgoblins
  2 quokkas (D:1)
  5 bats
  2 frilled lizards
  11 kobolds
  4 rats (D:1)
473 creatures vanquished.

Vanquished Creatures (others)
  A phantom (D:4)
  An orc (D:13)
  4 fungi
  4 plants (Lair:2)
10 creatures vanquished.

Grand Total: 483 creatures vanquished

Notes
Turn   | Place    | Note
-------+----------+-------------------------------------------
     0 | D:1      | MajorAdolf the Naga Wanderer began the quest for the Orb.
     0 | D:1      | MajorAdolf set off with the following items: a +2 dagger, 2
                  | curare-tipped darts, a +0 falchion, a +0 buckler, a potion
                  | of berserk rage, a +0 leather armour.
     0 | D:1      | Reached XP level 1. HP: 18/18 MP: 1/1
    89 | D:1      | Reached skill level 2 in Stealth
   147 | D:1      | Reached XP level 2. HP: 22/25 MP: 2/2
   352 | D:1      | Reached skill level 1 in Short Blades
   505 | D:1      | Reached XP level 3. HP: 31/31 MP: 3/3
   967 | D:2      | Reached skill level 3 in Stealth
  1122 | D:2      | Reached XP level 4. HP: 37/39 MP: 4/4
  1568 | D:3      | Found Goenorgh's Assorted Antiques.
  1658 | D:3      | Noticed a phantom
  1739 | D:3      | Killed a phantom
  1740 | D:3      | Reached skill level 1 in Dodging
  1740 | D:3      | Reached XP level 5. HP: 25/46 MP: 5/5
  2120 | D:3      | Found Cadagopo's Assorted Antiques.
  2289 | D:3      | Reached skill level 4 in Stealth
  2377 | D:3      | Found Japtepp's Assorted Antiques.
  2591 | D:2      | Reached XP level 6. HP: 7/55 MP: 6/6
  2591 | D:2      | HP: 4/82 [orc/+0 club (3)]
  3070 | D:3      | Found Jyrghugo's Distillery.
  3120 | D:4      | Found a snail-covered altar of Cheibriados.
  3121 | D:4      | Found an iron altar of Okawaru.
  3123 | D:4      | Found a hazy altar of Hepliaklqana.
  3123 | D:4      | Found a shadowy altar of Dithmenos.
  3226 | D:4      | Found Atwur's Jewellery Shoppe.
  3416 | D:4      | Reached skill level 1 in Evocations
  3513 | D:4      | Found a burning altar of Makhleb.
  3515 | D:4      | Noticed a blizzard demon
  3538 | D:4      | Reached skill level 1 in Maces & Flails
  3767 | D:4      | Found a staircase to the Ecumenical Temple.
  3823 | Temple   | Entered the Ecumenical Temple
  3977 | Temple   | Became a worshipper of Gozag Ym Sagoz the Greedy
  4084 | D:4      | Reached XP level 7. HP: 43/62 MP: 7/7
  4512 | D:5      | Entered Level 5 of the Dungeon
  4577 | D:5      | Noticed Edmund
  4593 | D:5      | Killed Edmund
  4594 | D:5      | Reached skill level 5 in Stealth
  4833 | D:3      | Bought a potion of lignification for 42 gold pieces
  4905 | D:3      | Bought a bound silver amulet for 125 gold pieces
  4905 | D:3      | Identified the amulet "Oboill" {Regen+ Str+2} (You bought
                  | it in a shop on level 3 of the Dungeon)
  5233 | D:4      | Reached XP level 8. HP: 48/72 MP: 8/8
  5314 | D:5      | Reached skill level 6 in Stealth
  5953 | D:3      | Bought a murky orange potion for 22 gold pieces
  5953 | D:3      | Bought a ruby potion for 22 gold pieces
  6025 | D:3      | Bought a potion of heal wounds for 70 gold pieces
  6654 | D:3      | Bought a jewelled bronze wand for 120 gold pieces
  6871 | D:6      | Found a glowing golden altar of the Shining One.
  7173 | D:7      | Noticed a wyvern
  7187 | D:7      | Killed a wyvern
  7188 | D:7      | Reached skill level 7 in Stealth
  7188 | D:7      | Reached XP level 9. HP: 55/79 MP: 9/9
  7308 | D:3      | Bought a jewelled wooden wand for 120 gold pieces
  7986 | D:7      | Reached skill level 5 in Fighting
  8328 | D:7      | Reached skill level 8 in Stealth
  8349 | D:7      | Identified the +11 falchion "Ucam" {venom, Str+4}
  8724 | D:3      | Bought a lead wand for 120 gold pieces
  8724 | D:3      | Bought a scroll labelled JUXETHETT for 30 gold pieces
  8905 | D:8      | Reached skill level 5 in Short Blades
  9240 | D:3      | Bought a small bronze ring for 150 gold pieces
  9484 | D:8      | Found a radiant altar of Vehumet.
  9490 | D:8      | Found an ancient bone altar of Kikubaaqudgha.
  9493 | D:8      | Found a shimmering blue altar of Sif Muna.
  9501 | D:8      | Got Vehumet's Catalogue of Trauma
  9578 | D:8      | Reached skill level 5 in Shields
  9578 | D:8      | Reached XP level 10. HP: 88/88 MP: 10/10
  9598 | D:8      | Found a sacrificial altar of Ru.
 10217 | D:9      | Found an ornate altar of the Wu Jian Council.
 10275 | D:9      | Found a runed translucent gate.
 10276 | D:9      | Found a runed translucent gate.
 10277 | D:9      | Found a runed translucent gate.
 10280 | D:9      | Found a viscous altar of Jiyva.
 10280 | D:9      | Noticed Termiter's ghost (journeyman DsNe)
 10307 | D:9      | Noticed a two-headed ogre
 10323 | D:9      | Killed a two-headed ogre
 10324 | D:9      | Reached skill level 9 in Stealth
 10506 | D:9      | Noticed Psyche
 10517 | D:9      | Killed Psyche
 10518 | D:9      | Reached skill level 5 in Evocations
 10632 | D:9      | Noticed Joseph
 10642 | D:9      | Killed Joseph
 10715 | D:9      | Identified the +4 ring mail of Greed {Int+5}
 11052 | D:9      | HP: 4/91 [large slime creature (26)]
 11156 | D:9      | Killed Termiter's ghost
 11157 | D:9      | Reached skill level 5 in Dodging
 11157 | D:9      | Reached skill level 10 in Stealth
 11226 | D:10     | Entered Level 10 of the Dungeon
 11311 | D:9      | Reached XP level 11. HP: 97/99 MP: 11/11
 11663 | D:10     | Identified the +7 quarterstaff "Haklyud" {flame, rF- rC++
                  | MP+9 Int+3}
 12892 | D:11     | Noticed Nergalle
 12909 | D:11     | Killed Nergalle
 12927 | D:11     | Noticed a two-headed ogre
 12943 | D:11     | Killed a two-headed ogre
 12944 | D:11     | Reached skill level 11 in Stealth
 13053 | D:11     | Identified the ring "Repnioro" {rPois rC+ MP+9 Str+3 Dex+2}
 13053 | D:11     | Noticed Erica
 13069 | D:11     | Killed Erica
 13190 | D:11     | Found a staircase to the Lair.
 13199 | D:11     | Noticed a manticore
 13200 | D:11     | Found a hide-covered altar of Uskayaw.
 13209 | D:11     | Killed a manticore
 13265 | D:11     | Noticed a +0 hand axe
 13265 | D:11     | Noticed a +0 dagger
 13365 | D:11     | Noticed a centaur warrior
 13389 | D:11     | Killed a centaur warrior
 13521 | D:11     | Noticed a manticore
 13531 | D:11     | Killed a manticore
 14006 | D:11     | Found a staircase to the Orcish Mines.
 14201 | D:11     | Noticed a two-headed ogre
 14213 | D:11     | Killed a two-headed ogre
 14214 | D:11     | Reached XP level 12. HP: 53/110 MP: 10/12
 14409 | D:11     | Reached skill level 12 in Stealth
 14646 | Orc:1    | Entered Level 1 of the Orcish Mines
 14646 | Orc:1    | Noticed Jorgrun
 14964 | Orc:2    | Entered Level 2 of the Orcish Mines
 15018 | Orc:2    | Found Jujiod's Assorted Antiques.
 15263 | Orc:2    | Found a staircase to the Elven Halls.
 16037 | Orc:2    | Noticed an orc high priest
 16529 | D:12     | Gained mutation: Your spells are a little harder to cast,
                  | but a little more powerful. [potion of mutation]
 16529 | D:12     | Gained mutation: You are dopey. (Int -2) [potion of
                  | mutation]
 16530 | D:12     | Lost mutation: Your spells are a little harder to cast, but
                  | a little more powerful. [potion of mutation]
 16530 | D:12     | Lost mutation: You are dopey. (Int -2) [potion of mutation]
 16530 | D:12     | Gained mutation: Your skin changes colour to match your
                  | surroundings (Stealth+). [potion of mutation]
 16590 | D:12     | Noticed a two-headed ogre
 16600 | D:12     | Killed a two-headed ogre
 17107 | D:11     | Noticed a sun demon
 17144 | D:12     | HP: 3/112 [acid dragon/splash of acid (21)]
 17261 | D:11     | Reached skill level 13 in Stealth
 18510 | D:11     | Gained mutation: You can use your snake-like lower body to
                  | constrict enemies. [Naga growth]
 18510 | D:11     | Reached XP level 13. HP: 109/120 MP: 13/13
 19772 | D:13     | Reached skill level 14 in Stealth
 20229 | D:13     | Noticed Kirke
 20242 | D:13     | Killed Kirke
 20566 | D:14     | Found a broken altar of Ashenzari.
 21590 | D:15     | Entered Level 15 of the Dungeon
 21637 | D:15     | Bought a pair of faintly humming gloves for 209 gold pieces
 21637 | D:15     | Identified the +3 pair of gloves of Peorhuen {-Tele Fly
                  | rPois rCorr} (You bought it in a shop on level 15 of the
                  | Dungeon)
 21637 | D:15     | Bought a shiny buckler for 165 gold pieces
 21637 | D:15     | Bought a faintly humming robe for 125 gold pieces
 21637 | D:15     | Identified the +0 robe of Elitism {rC+ Int+3 Dex+3} (You
                  | bought it in a shop on level 15 of the Dungeon)
 21707 | D:15     | Identified the +4 mace of Focus {holy, +Blink rN+}
 23026 | D:15     | Reached skill level 10 in Fighting
 23190 | D:15     | Reached XP level 14. HP: 99/132 MP: 14/14
 23725 | D:15     | Found a staircase to the Depths.
 25848 | D:14     | Found a gate to the Vaults.
 25985 | Lair:1   | Entered Level 1 of the Lair of Beasts
 26027 | Lair:1   | Reached skill level 10 in Evocations
 26600 | Lair:1   | Noticed Fannar
 26620 | Lair:1   | Killed Fannar
 26704 | Lair:1   | You are sucked into a shaft and drop 1 floor!
 27008 | Lair:2   | Reached skill level 10 in Shields
 27919 | Lair:2   | Found a staircase to the Snake Pit.
 28395 | Lair:3   | Found a dark tunnel.
 28400 | Volcano  | Entered a volcano
 28671 | Volcano  | Noticed a red draconian
 28677 | Volcano  | Killed a red draconian
 28760 | Lair:3   | HP: 7/202 [five-headed hydra (6)]
 28763 | Lair:3   | HP: 2/202 [five-headed hydra (5)]
 28768 | Lair:3   | HP: 3/202 [five-headed hydra (1)]
 28768 | Lair:3   | HP: 1/202 [five-headed hydra (2)]
 28768 | Lair:3   | Slain by a five-headed hydra

Illustrated notes

Levels and vault maps discovered:
D:1:      dpeg_arrival_refuge, layout_basic
D:2:      layout_loops_ring
D:3:      layout_loops_ring, serial_glass, glass_columns_a, glass_columns_b,
          due_unseen_surprise, feat_on_display, serial_shops,
          nicolae_shop_rolling_square, nicolae_shop_peninsula,
          nicolae_shop_peninsula, shop
D:4:      layout_loops_ring, makhleb_altar_promises_db,
          grunt_temple_overflow_open, lemuel_temple_firewalk_b, serial_shops,
          shop
D:5:      layout_cave_pools, minmay_misc_feat_doors,
          chequers_serial_rivers_micro_e, grunt_decor_cap,
          minmay_misc_feat_tower, uniq_edmund
D:6:      layout_loops_corners, mainiacjoe_overflow_alcove_1
D:7:      layout_loops_corners, minivault_26
D:8:      layout_layer_cave, grunt_temple_overflow_magic_moments,
          mainiacjoe_overflow_boulevard, enter_bailey_3
D:9:      layout_long_grid, nicolae_wu_jian_wuxing_cycle, gammafunk_ghost_ooze,
          uniq_psyche, uniq_joseph
D:10:     layout_layer_cave, blue_anna_alchemist
D:11:     layout_cave_pods, lair_entry_dummy, david_orc_2,
          dancing_weapons_uskayaw, uniq_nergalle, uniq_erica
D:12:     minmay_s_stair_smasher, layout_long_grid, special_room
          [special_room_bee]
D:13:     layout_long_grid, uniq_kirke
D:14:     layout_basic, hangedman_vaults_entry_quadrant_bands,
          cheibrodos_ashenzari_chains
D:15:     hangedman_depths_entry_try_elsewhere_first, layout_cave_pools,
          corexii_hall_statues_l, serial_bayou_pond_d
Temple:   chequers_temple_sunken
Lair:1:   layout_chaotic_city, lemuel_fruit_tree, uniq_fannar
Lair:2:   layout_layer_cave, nicolae_snake_entry_squirm, special_room,
          grunt_megastairs_5
Lair:3:   layout_regular_city, minmay_shoals_entry_hut, enter_volcano_4,
          gammafunk_ghost_split
Orc:1:    layout_caves, hellmonk_ghost_happy_afterlife, uniq_jorgrun
Orc:2:    st_orc_elflike, layout_caves, basic_altar, guppyfry_library_mini

Skill      XL: |  1  2  3  4  5  6  7  8  9 10 11 12 13 14 |
---------------+-------------------------------------------+-----
Stealth        | 2 3 4 5 7 8 10 11 13 14 | 14.0
Short Blades   | 1 2 3 4 5 6 7 8 9 |  9.8
Fighting       | 2 3 4 5 6 7 8 10 11 | 11.3
Dodging        | 1 2 3 4 5 6 7 8 9 |  9.4
Shields        | 2 3 4 5 6 7 8 9 10 | 10.5
Evocations     | 1 2 3 4 5 7 8 9 10 | 10.9
Maces & Flails | 1 2 3 4 |  4.1
Long Blades    | |  2.0
Throwing       | |  4.5

Action                     |  1- 3 |  4- 6 |  7- 9 | 10-12 | 13-15 || total
---------------------------+-------+-------+-------+-------+-------++-------
  Melee: Dagger            |    80 |    95 |   275 |       |       ||   450
         Whip              |       |    97 |    24 |       |       ||   121
         Falchion          |       |       |    52 |   663 |   323 ||  1038
         Unarmed           |       |       |       |     3 |       ||     3
         Constrict         |       |       |       |       |   117 ||   117
         Short sword       |       |       |       |       |   335 ||   335
  Throw: Dart              |     1 |       |       |       |       ||     1
 Invoke: Call Merchant     |       |       |       |       |     1 ||     1
Ability: Spit Poison       |     8 |    11 |     7 |       |     1 ||    27
  Evoke: Wand              |       |       |       |     7 |    15 ||    22
    Use: Potion            |       |     1 |     1 |    12 |     2 ||    16
         Scroll            |       |    10 |     4 |    13 |    10 ||    37
   Stab: Sleeping          |     5 |     9 |    12 |    10 |    29 ||    65
         Distracted        |       |       |       |     5 |     5 ||    10
 Armour: Leather armour    |    11 |       |       |       |       ||    11
         Robe              |     8 |    45 |    76 |   322 |   201 ||   652
  Dodge: Dodged            |    33 |    68 |   168 |   720 |   332 ||  1321
  Block: Buckler           |     9 |    40 |    70 |   354 |   194 ||   667
         Reflection        |       |       |       |       |    11 ||    11
